 Dungeon Crawl Stone Soup version 0.31-a0-1620-gcbf77bbcfc (webtiles) character file.

Game seed: 7535851451323292786

58 Essalna the Digger (level 4, -5/24 HPs)
             Began as a Gargoyle Earth Elementalist on Jan 11, 2024.
             Slain by Terence
             ... wielding a +1 flail of protection
              (8 damage)
             ... on level 3 of the Dungeon.
             The game lasted 00:02:03 (1704 turns).

Essalna the Digger (Gargoyle Earth Elementalist)    Turns: 1704, Time: 00:02:04

Health: -5/24      AC:  5    Str: 12    XL:     4   Next: 2%
Magic:  4/8        EV: 11    Int: 17    God:
Gold:   100        SH:  0    Dex: 10    Spells: 7/8 levels left

rFire   . . .        k - +1 dagger (elec)
rCold   . . .        (no shield)
rNeg    + . .        a - +0 robe
rPois   ∞            (no helmet)
rElec   +            (no cloak)
rCorr   .            (no gloves)
SInv    .            (no boots)
Will    .....        (no amulet)
Stlth   ++           (no ring)
HPRegen 0.24/turn    (no ring)
MPRegen 0.11/turn

%: no passive effects
@: very slightly contaminated
A: sickness immunity, AC +3, negative energy resistance 1, electricity
resistance, torment resistance 1, petrification resistance
a: no special abilities


You were on level 3 of the Dungeon.
You visited 1 branch of the dungeon, and saw 3 of its levels.

You collected 100 gold pieces.

Inventory:

Hand Weapons
 e - a +0 mace
 k - a +1 dagger of electrocution (weapon)
Missiles
 m - a throwing net
Armour
 a - a +0 robe (worn)
Scrolls
 c - a scroll of amnesia {unknown}
 j - 3 scrolls of identify {unknown}
 l - a scroll of noise {unknown}
Potions
 b - a potion of magic
 d - 4 potions of curing {unknown}
 f - 2 potions of heal wounds {unknown}
 g - a potion of brilliance {unknown}
 h - a potion of invisibility {unknown}
 i - a potion of attraction {unknown}


   Skills:
 - Level 1.5 Dodging
 - Level 2.1 Stealth
 + Level 2.8 Spellcasting
 + Level 2.4 Conjurations
 + Level 4.4 Earth Magic


You had 7 spell levels left.
You knew the following spells:

 Your Spells              Type           Power      Damage    Failure   Level
a - Sandblast             Erth           34%        2d9       3%          1

Your spell library contained the following spells:

 Spells                   Type           Power      Damage    Failure   Level
 Passwall                 Erth           17%        N/A       9%          3
 Stone Arrow              Conj/Erth      28%        3d8       13%         3
 Ensorcelled Hibernation  Hex/Ice        4%         N/A       26%         2
 Brom's Barrelling Bould  Conj/Erth      14%        2d4       41%         4
 Swiftness                Air            2%         N/A       47%         3
 Petrify                  Alch/Erth      9%         N/A       58%         4


Dungeon Overview and Level Annotations

Branches:
Dungeon (3/15)

Altars:

Annotations:
D:3 Terence


Innate Abilities, Weirdness & Mutations

You are immune to sickness and miasma.
Your stone body is resilient. (AC +3)
You are immune to poison.
You resist negative energy. (rN+)
You are resistant to electric shocks. (rElec)
You are resistant to unholy torment.
You are immune to petrification.


Message History

There is a stone staircase leading up here.
Found a mace and a robe.
Key pressed, stopping explore.
Terence the Incautious comes into view.
He is wielding a +1 flail of protection.
Found a scroll labelled ZIODYNUIGU.
Terence shouts!
Terence moves out of view.
You hit Terence but do no damage. Terence barely misses you.
The blast of sand hits Terence.
Terence is moderately wounded.
Terence misses you.
Casting: Sandblast (safe; 3% risk of failure)
Confirm with . or Enter, or press ? or * to list all spells.
Aiming: Sandblast (safe; 3% risk of failure)
Press: ? - help, Shift-Dir - straight line, f/p - Terence
Aim: Terence, wielding a +1 flail of protection and wearing a +0 scale mail (moderately wounded, 84% to hit)
The blast of sand hits Terence but does no damage.
Terence is moderately wounded.
Terence hits you with a +1 flail of protection!
Terence hits you with a +1 flail of protection.
Casting: Sandblast (safe; 3% risk of failure)
Confirm with . or Enter, or press ? or * to list all spells.
Aiming: Sandblast (safe; 3% risk of failure)
Press: ? - help, Shift-Dir - straight line, f/p - Terence
Aim: Terence, wielding a +1 flail of protection and wearing a +0 scale mail (moderately wounded, 84% to hit)
You miscast Sandblast.
You are very lightly contaminated with residual magic.
Nothing appears to happen.
Terence hits you with a +1 flail of protection!
* * * LOW HITPOINT WARNING * * *
Casting: Sandblast (safe; 3% risk of failure)
Confirm with . or Enter, or press ? or * to list all spells.
Aiming: Sandblast (safe; 3% risk of failure)
Press: ? - help, Shift-Dir - straight line, f/p - Terence
Aim: Terence, wielding a +1 flail of protection and wearing a +0 scale mail (moderately wounded, 84% to hit)
The blast of sand hits Terence but does no damage.
Terence is moderately wounded.
Terence hits you with a +1 flail of protection!
You die...
Terence says, "Rest in peace."

###.# #... .#
#######+#.### .#
#...........# .#
#.....[..##.#####.#
#........##...#...#
#[.).....####.#...###.#
#######.## #.#.......#
#<# #..@.# #.# ###@##
#.# .... ... #....# ...
#....# ....# ......
..... ##...#. ......
#...#?#


You could see Terence.

Vanquished Creatures
  An adder (D:2)
  A dart slug (D:1)
  4 ball pythons
  6 bats
  A giant cockroach (D:2)
  4 goblins
  7 hobgoblins
  6 jackals (D:1)
  2 kobolds (D:1)
  3 quokkas
  4 frilled lizards
  3 rats
42 creatures vanquished.

Notes
Turn   | Place    | Note
-------+----------+-------------------------------------------
     0 | D:1      | Essalna the Gargoyle Earth Elementalist began the quest for
                  | the Orb.
     0 | D:1      | Reached XP level 1. HP: 10/10 MP: 3/3
   112 | D:1      | Reached XP level 2. HP: 15/15 MP: 1/5
   207 | D:1      | Reached skill level 4 in Earth Magic
   236 | D:1      | Reached XP level 3. HP: 7/19 MP: 0/6
  1530 | D:2      | Reached XP level 4. HP: 20/24 MP: 8/8
  1698 | D:3      | Noticed Terence
  1704 | D:3      | Slain by Terence

Illustrated notes

Levels and vault maps discovered:
D:1:      mainiacjoe_arrival_oval_in_oval, layout_rooms, dk_noncrumbling_3
D:2:      layout_basic
D:3:      layout_basic, shapermc_ecumenical_altar_starsandcircs, uniq_terence

Skill      XL: |  1  2 |
---------------+-------+-----
Earth Magic    | 4 |  4.4
Conjurations   | 2 |  2.4
Dodging        | |  1.5
Stealth        | |  2.1
Spellcasting   | |  2.8

Action                     |  1- 3 |  4- 6 || total
---------------------------+-------+-------++-------
  Melee: Mace              |    20 |       ||    20
         Dagger            |    20 |     2 ||    22
         Punch             |     1 |       ||     1
   Cast: Sandblast         |    50 |     3 ||    53
   Stab: Sleeping          |       |     1 ||     1
 Armour: Robe              |    28 |     4 ||    32
  Dodge: Dodged            |    48 |     2 ||    50

Table legend: (Time is in decaauts)
 A = Elapsed time spent in this place.
 B = Non-inter-level travel time spent in this place.
 C = Inter-level travel time spent in this place.
 D = Time resting spent in this place.
 E = Time spent auto-exploring this place.
 F = Levels seen in this place.
 G = Mean time per level.
                   A        B        C        D        E       F      G
               +--------+--------+--------+--------+--------+-----+--------+
         Total |   1736 |   1711 |     25 |      0 |   1442 |   3 |  578.7 |
       Dungeon |   1736 |   1711 |     25 |      0 |   1442 |   3 |  578.7 |
               +--------+--------+--------+--------+--------+-----+--------+

Top non-repeatable levels by time:
     D:2: 1050 daAuts
     D:1: 663 daAuts
     D:3: 22 daAuts
